 Dungeon Crawl Stone Soup version 0.20.0-14-g326068f (webtiles) character file.

11228 grindst0ne the Fighter (level 11, -2/76 HPs)
             Began as a Gargoyle Berserker on June 8, 2017.
             Was a High Priest of Trog.
             Slain by a seven-headed hydra (4 damage)
             ... on level 1 of the Lair of Beasts.
             The game lasted 00:24:10 (11138 turns).

grindst0ne the Fighter (Gargoyle Berserker)        Turns: 11138, Time: 00:24:11

Health: -2/76      AC: 26    Str: 21    XL:     11   Next: 74%
Magic:  16/16      EV:  7    Int:  8    God:    Trog [*****.]
Gold:   225        SH:  0    Dex: 12    Spells: 10/10 levels left

rFire    . . .     SeeInvis +   y - +1 whip (flame)
rCold    . . .     Gourm    .   (no shield)
rNeg     + . .     Faith    +   T - +0 plate armour
rPois    ∞         Spirit   .   U - +2 helmet {SInv}
rElec    +         Reflect  .   j - +2 cloak {MR+}
rCorr    .         Harm     .   (no gloves)
MR       +....                  (no boots)
Stlth    ..........             S - amulet of faith
Regen    0.3/turn               m - ring of stealth
MPRegen  0.2/turn               V - ring of flight

@: confused
A: negative energy resistance 1, electricity resistance, unbreathing,
petrification resistance, rot immunity, AC +7
a: Berserk, Trog's Hand, Brothers in Arms, Burn Spellbooks, Renounce Religion,
Evoke Flight


You were on level 1 of the Lair of Beasts.
You worshipped Trog.
Trog was extremely pleased with you.
You were not hungry.

You visited 2 branches of the dungeon, and saw 11 of its levels.

You collected 526 gold pieces.
You spent 301 gold pieces at shops.

Inventory:

Hand Weapons
 y - a +1 whip of flaming (weapon)
 Q - a +0 battleaxe
Missiles
 E - 130 stones (quivered)
Armour
 j - a +2 cloak of magic resistance (worn)
 T - a +0 plate armour (worn)
 U - a +2 helmet of see invisible (worn)
Jewellery
 i - a +4 amulet of reflection
 k - the amulet "Tets" {RegenMP rN+ Str+6}
   (You found it on level 10 of the Dungeon)

   [amulet of magic regeneration]

   It increases your magic regeneration.
   It affects your strength (+6).
   It protects you from negative energy.
 m - a ring of stealth (left hand)
 K - an uncursed amulet of guardian spirit
 S - an amulet of faith (around neck)
 V - a ring of flight (right hand)
Wands
 s - a wand of confusion (32/48)
 B - a wand of clouds (1/9)
 H - a wand of iceblast (0/15)
 L - a wand of paralysis (11/24)
 X - a wand of iceblast (8/15)
 Y - a wand of disintegration (12/24)
Scrolls
 a - 4 scrolls of remove curse
 d - 5 scrolls of blinking
 e - a scroll of fear
 q - 2 scrolls of teleportation {unknown}
 r - a scroll of fog {unknown}
 u - a scroll of enchant weapon
 C - 2 scrolls of identify
 I - a scroll of magic mapping {unknown}
 M - a scroll of recharging
 O - a scroll of enchant armour
 W - a scroll of vulnerability {unknown}
Potions
 c - 2 potions of cancellation
 h - 5 potions of brilliance
 l - 2 potions of mutation
 n - 3 potions of agility
 o - a potion of magic {unknown}
 w - 6 potions of curing {unknown}
 x - 3 potions of lignification {unknown}
 z - 4 potions of heal wounds {unknown}
 D - a potion of degeneration {unknown}
 F - 3 potions of flight {unknown}
 P - a potion of might {unknown}
 R - a potion of berserk rage {unknown}
Comestibles
 b - 2 chunks of flesh
 f - 13 fruits
 g - 5 meat rations
 p - 14 royal jellies
 A - 3 bread rations


   Skills:
 + Level 12.2 Fighting
 - Level 11.1 Axes
 - Level 5.1 Armour
 - Level 1.5 Dodging
 + Level 6.7 Evocations


You had 10 spell levels left.
You didn't know any spells.

Dungeon Overview and Level Annotations

Branches:
Dungeon (10/15)            Temple (0/1) D:5            Lair (1/6) D:10
    Orc (0/2) D:10

Altars:
Dithmenos
Elyvilon
Gozag
Hepliaklqana
Kikubaaqudgha
Nemelex Xobeh
Ru
Uskayaw
Vehumet
Xom
The Shining One
Beogh

Shops:
D:7 [


Innate Abilities, Weirdness & Mutations

You are resistant to torment.
Your stone body is resilient. (AC +7)
You are immune to poison.
You resist negative energy. (rN+)
You are resistant to electric shocks. (rElec)
You can survive without breathing.
You are immune to petrification.
You are immune to rotting.


Message History

The seven-headed hydra bites you!
* * * LOW HITPOINT WARNING * * *
The seven-headed hydra bites you but does no damage.
The seven-headed hydra barely misses you. x2
The seven-headed hydra bites you!
* * * LOW HITPOINT WARNING * * *
The seven-headed hydra bites you but does no damage.
You are confused.
You feel invigorated. The wolf bites you but does no damage.
The water moccasin bites you.
* * * LOW HITPOINT WARNING * * *
The wolf bites you but does no damage.
The water moccasin bites you but does no damage.
You barely miss the wolf. The wolf completely misses you.
The water moccasin bites you but does no damage.
The seven-headed hydra bites you!
* * * LOW HITPOINT WARNING * * *
The seven-headed hydra bites you but does no damage. x3
The seven-headed hydra bites you.
You die...

###....... .#.......
####.§......
##.#.#§#.#.#..
#.....§§......
##.#.#§#.#.#..
##.....§.......
##.#.#D#S#.#.#..
##......@h.......
##...#.#.#.#.#.#..
####................
#.......#.#.#.#.#>#..
##...................
##......##.#.#.#.#.#..
###÷.....## ######
.... #.......## ..
##......##


You could see a seven-headed hydra, a water moccasin and a wolf.

Vanquished Creatures
  A two-headed ogre (D:8)
  Pikel (D:4)
  An orc knight (D:9)
  2 spiny frogs (Lair:1)
  The ghost of Dominolapin the Chopper, an amateur BaFi (D:3)
  Prince Ribbit (D:9)
  3 hippogriffs
  A wyvern (D:10)
  10 yaks
  Eustachio (D:4)
  2 hungry ghosts
  A basilisk (Lair:1)
  5 porcupines (Lair:1)
  2 water moccasins (Lair:1)
  3 ice beasts
  10 orc warriors
  5 phantoms
  2 sky beasts
  2 ogres
  A black bear (D:10)
  An eye of draining (D:8)
  A centaur (D:10)
  5 bullfrogs
  Blork the orc (D:4)
  A water moccasin skeleton (D:8)
  4 killer bees (D:10)
  A scorpion (D:5)
  4 wights (D:6)
  5 howler monkeys
  An electric eel (D:8)
  5 crimson imps
  8 hounds
  2 bullfrog zombies
  8 jellies
  11 orc priests
  Crazy Yiuf (D:2)
  A bullfrog skeleton (D:5)
  A centaur skeleton (D:4)
  9 orc wizards
  Jessica (D:2)
  6 iguanas
  8 worker ants
  Robin (D:2)
  2 worker ant zombies (D:7)
  A howler monkey skeleton (D:4)
  8 adders
  4 river rats
  A shadow imp (D:9)
  3 adder zombies (D:5)
  6 oozes
  An adder skeleton (D:10)
  3 worms
  A dart slug (D:1)
  7 leopard geckos
  46 orcs
  A giant cockroach (D:3)
  12 goblins
  10 hobgoblins
  6 jackals (D:3)
  2 quokkas (D:3)
  5 bats
  11 frilled lizards
  A jackal skeleton (D:4)
  6 kobolds
  A quokka skeleton (D:8)
  A quokka zombie (D:9)
  32 rats
  4 fungi (D:2)
316 creatures vanquished.

Vanquished Creatures (others)
  2 slaves (D:4)
  2 orc wizards (D:4)
  2 orcs (D:4)
6 creatures vanquished.

Grand Total: 322 creatures vanquished

Notes
Turn   | Place    | Note
-------+----------+-------------------------------------------
     0 | D:1      | grindst0ne the Gargoyle Berserker began the quest for the Orb.
     0 | D:1      | Reached XP level 1. HP: 14/14 MP: 1/1
   337 | D:1      | Reached XP level 2. HP: 14/19 MP: 2/2
   980 | D:2      | Noticed Robin
   986 | D:2      | Reached XP level 3. HP: 24/24 MP: 3/3
   988 | D:2      | Reached ** piety under Trog
   995 | D:2      | Killed Robin
   995 | D:2      | Reached skill level 4 in Fighting
  1157 | D:2      | Reached XP level 4. HP: 29/29 MP: 4/4
  1167 | D:2      | Noticed Jessica
  1174 | D:2      | Killed Jessica
  1475 | D:2      | Found an opulent altar of Gozag.
  1562 | D:2      | Found a runed door.
  1566 | D:2      | Noticed Crazy Yiuf
  1573 | D:2      | Killed Crazy Yiuf
  1573 | D:2      | Reached XP level 5. HP: 33/33 MP: 5/5
  1806 | D:3      | Noticed Dominolapin's ghost (amateur BaFi)
  1995 | D:3      | Killed Dominolapin's ghost
  1995 | D:3      | Reached skill level 5 in Axes
  1995 | D:3      | Reached XP level 6. HP: 40/40 MP: 6/6
  2043 | D:3      | Found a hazy altar of Hepliaklqana.
  2093 | D:3      | Reached skill level 5 in Fighting
  2099 | D:3      | Reached XP level 7. HP: 40/44 MP: 7/7
  2111 | D:3      | Reached *** piety under Trog
  2215 | D:3      | You fall through a shaft for 3 floors!
  2220 | D:5      | Entered Level 5 of the Dungeon
  2546 | D:4      | Reached skill level 5 in Armour
  2938 | D:3      | Reached **** piety under Trog
  3152 | D:3      | Reached XP level 8. HP: 51/51 MP: 8/8
  3255 | D:4      | Noticed Pikel
  3265 | D:4      | Killed Pikel
  3265 | D:4      | Reached skill level 6 in Fighting
  3315 | D:4      | Noticed Blork the orc
  3354 | D:4      | Killed Blork the orc
  3498 | D:4      | Found a sparkling altar of Nemelex Xobeh.
  3565 | D:4      | Reached skill level 7 in Fighting
  3728 | D:4      | Found an ancient bone altar of Kikubaaqudgha.
  3840 | D:4      | Found a shimmering altar of Xom.
  3845 | D:4      | Noticed Eustachio
  3883 | D:4      | Killed Eustachio
  3883 | D:4      | Reached XP level 9. HP: 43/57 MP: 9/9
  4075 | D:5      | Found a staircase to the Ecumenical Temple.
  5065 | D:6      | Received a gift from Trog
  5069 | D:6      | Reached ***** piety under Trog
  5070 | D:6      | Reached skill level 8 in Fighting
  5084 | D:6      | Found a shadowy altar of Dithmenos.
  5236 | D:6      | Noticed a dagger
  5236 | D:6      | Noticed a dagger
  5346 | D:6      | Found a hide-covered altar of Uskayaw.
  5795 | D:7      | Found a white marble altar of Elyvilon.
  5795 | D:7      | Found a sacrificial altar of Ru.
  5796 | D:7      | Found a radiant altar of Vehumet.
  6139 | D:7      | You fall through a shaft!
  6197 | D:8      | Noticed a two-headed ogre
  6208 | D:8      | Killed a two-headed ogre
  6208 | D:8      | Reached skill level 9 in Fighting
  6208 | D:8      | Reached skill level 10 in Axes
  6208 | D:8      | Reached XP level 10. HP: 53/66 MP: 10/10
  6414 | D:7      | Found a glowing golden altar of the Shining One.
  7125 | D:7      | Found Unera's Armour Shop.
  7153 | D:7      | Bought a +2 helmet of see invisible for 301 gold pieces
  7773 | D:9      | Reached skill level 1 in Evocations
  7851 | D:9      | Reached skill level 10 in Fighting
  7998 | D:9      | Noticed Prince Ribbit
  8009 | D:9      | Killed Prince Ribbit
  8121 | D:9      | Received a gift from Trog
  8295 | D:10     | Entered Level 10 of the Dungeon
  8649 | D:10     | Got a warped golden amulet
  8651 | D:10     | Identified the amulet "Tets" {RegenMP rN+ Str+6} (You found it on level 10 of the Dungeon)
  8692 | D:10     | Found a staircase to the Lair.
  9119 | D:10     | Reached XP level 11. HP: 73/73 MP: 13/13
  9226 | D:10     | Noticed an orc knight
  9239 | D:10     | Reached skill level 11 in Fighting
  9268 | D:10     | HP: 1/74 [yak (9)]
  9848 | D:9      | Killed an orc knight
  9848 | D:9      | Reached skill level 5 in Evocations
 10110 | D:10     | Found a roughly hewn altar of Beogh.
 10121 | D:10     | Found a staircase to the Orcish Mines.
 10618 | Lair:1   | Entered Level 1 of the Lair of Beasts
 10930 | Lair:1   | Reached skill level 12 in Fighting
 11123 | Lair:1   | Noticed a seven-headed hydra
 11138 | Lair:1   | HP: 2/76 [seven-headed hydra (7)]
 11138 | Lair:1   | Slain by a seven-headed hydra

Skill      XL: |  1  2  3  4  5  6  7  8  9 10 11 |
---------------+----------------------------------+-----
Axes           | 3 4 5 6 8 10 11 | 11.1
Fighting       | 4 5 7 9 10 12 | 12.2
Armour         | 3 4 5 |  5.1
Evocations     | 3 6 |  6.7
Dodging        | |  1.5

Action                   |  1- 3 |  4- 6 |  7- 9 | 10-12 || total
-------------------------+-------+-------+-------+-------++-------
Melee: Hand axe          |    60 |   122 |   401 |       ||   583
       War axe           |       |       |   193 |    32 ||   225
       Battleaxe         |       |       |       |   391 ||   391
       Whip              |       |       |       |     5 ||     5
Invok: Berserk           |     1 |     4 |    10 |    13 ||    28
Evoke: Wand              |       |       |     3 |     1 ||     4
  Use: Scroll            |       |    11 |     4 |     1 ||    16
       Potion            |       |       |       |     2 ||     2
 Stab: Sleeping          |       |     2 |     8 |       ||    10
  Eat: Chunk             |     2 |     2 |    16 |    32 ||    52
       Bread ration      |       |     1 |       |       ||     1
       Fruit             |       |       |     3 |       ||     3
       Meat ration       |       |       |     1 |       ||     1
Armor: Animal skin       |    24 |    31 |   116 |       ||   171
       Leather armour    |       |       |    86 |    20 ||   106
       Plate armour      |       |       |       |   311 ||   311
Dodge: Dodged            |    43 |    51 |   272 |   167 ||   533
Block: Other             |     2 |    14 |    72 |    24 ||   112
